Map: Moondance

Players

Cyan

  • Race: Protoss Protoss

iGXY (XY) - Winner!

  • Race: Terran Terran

Event: DreamHack SC2 Masters 2022 Atlanta (Online)

VOD

Have the link to the VOD?

Description

Time

  • Played on: Oct. 6, 2022, 7:36 a.m.
  • Length: 8:58

All games in this series

Show
View Real Time Build Order
Export as new Build Order

Cyan Protoss 

Build Orders: 1 Gate Expand, Phoenix Opening 

Get SALT Encoding   

  12  0:00  Probe  
  13  0:12  Probe  
  14  0:17  Pylon  
  14  0:24  Probe (Chrono Boost)  
  15  0:36  Probe (Chrono Boost)  
  15  0:37  Gateway  
  16  0:44  Probe (Chrono Boost)  
  16  0:46  Assimilator  
  17  0:51  Probe  
  18  1:03  Probe  
  19  1:15  Probe  
  20  1:24  Cybernetics Core  
  20  1:33  Nexus  
  20  1:37  Probe  
  21  1:42  Pylon  
  21  1:49  Probe  
  21  1:51  Assimilator  
  22  1:58  Adept (Chrono Boost)  
  24  2:01  Probe  
  25  2:13  Probe (Chrono Boost)  
  26  2:20  Adept  
  28  2:23  Probe (Chrono Boost)  
  28  2:28  Probe (Chrono Boost)  
  28  2:30  Stargate  
  29  2:39  Warp Gate (Chrono Boost)  
  29  2:40  Probe (Chrono Boost)  
  30  2:45  Probe (Chrono Boost)  
  30  2:47  Shield Battery  
  31  2:54  Adept  
  31  2:57  Probe (Chrono Boost)  
  31  2:58  Probe (Chrono Boost)  
  35  3:02  Probe (Chrono Boost)  
  35  3:04  Probe (Chrono Boost)  
  37  3:10  Pylon  
  37  3:11  Probe  
  38  3:14  Phoenix (Chrono Boost)  
  38  3:16  Probe  
  41  3:23  Probe  
  42  3:28  Gateway  
  42  3:30  Phoenix (Chrono Boost), Probe  
  45  3:38  Probe  
  45  3:40  Twilight Council  
  46  3:42  Probe  
  47  3:50  Probe  
  47  3:54  Gateway  
  48  3:57  Pylon  
  48  3:58  Gateway  
  48  4:03  Shield Battery  
  48  4:07  Phoenix  
  50  4:16  Shield Battery  
  50  4:18  Pylon  
  50  4:27  Adept  
  50  4:29  Zealot  
  54  4:32  Phoenix  
  56  4:41  Gateway  
  56  4:45  Gateway  
  56  4:50  Zealot x2  
  52  5:04  Zealot  
  49  5:14  Stalker x2  
  49  5:15  Gateway  
  49  5:17  Gateway, Stalker, Pylon  
  49  5:18  Shield Battery  
  53  5:23  Shield Battery  
  53  5:27  Pylon  
  53  5:29  Charge (Chrono Boost)  
  53  5:48  Stalker x2  
  55  5:51  Zealot x2  
  54  6:07  Pylon  
  54  6:08  Pylon  
  54  6:09  Pylon  
  53  6:18  Zealot  
  54  6:25  Zealot x2  
  45  6:35  Zealot x2  
  45  6:39  Zealot  
  49  6:48  Zealot  
  49  6:51  Zealot  
  52  6:58  Zealot  
  51  7:09  Zealot  
  45  7:16  Probe  
  42  7:28  Probe  
  37  7:38  Zealot x3  
  35  7:48  Zealot  
  35  7:49  Zealot  
  35  7:52  Probe  
  32  8:04  Sentry x2  
  30  8:07  Zealot  
  32  8:13  Zealot  
  28  8:29  Zealot  
  28  8:30  Zealot  
  32  8:37  Zealot  
Show
View Real Time Build Order
Export as new Build Order

iGXY Terran - Winner!

Build Orders: 1/1/1 

Get SALT Encoding   

  12  0:00  SCV  
  13  0:12  SCV  
  14  0:17  Supply Depot  
  14  0:24  SCV  
  15  0:38  SCV  
  15  0:40  Barracks  
  16  0:44  Refinery  
  16  0:50  SCV  
  16  0:54  Refinery  
  17  1:03  SCV  
  18  1:15  SCV  
  19  1:27  Reaper, Orbital Command  
  19  1:28  Supply Depot  
  20  1:42  Factory  
  20  1:52  SCV  
  21  2:00  Barracks Reactor, Barracks  
  21  2:04  SCV  
  22  2:16  Supply Depot  
  22  2:17  SCV  
  23  2:28  Starport  
  23  2:29  Factory Tech Lab  
  23  2:32  SCV  
  24  2:38  Marine x2  
  26  2:44  SCV  
  27  2:51  Siege Tank  
  27  2:56  Marine x2  
  32  3:01  Marine  
  33  3:06  Supply Depot  
  33  3:14  Marine x2  
  35  3:23  Siege Tank  
  38  3:27  Medivac  
  38  3:30  Marine  
  38  3:33  Marine  
  42  3:34  Marine  
  43  3:42  Supply Depot  
  43  3:47  Marine  
  44  3:50  Marine  
  44  3:51  Supply Depot  
  45  4:01  Marine  
  46  4:04  Siege Tank  
  49  4:13  Marine x2  
  51  4:17  Engineering Bay  
  51  4:30  Marine  
  52  4:36  Siege Tank  
  52  4:37  Marine x2  
  56  4:48  Marine  
  56  4:50  Bunker  
  56  4:55  Marine  
  56  4:56  Marine  
  50  5:07  Marine  
  50  5:08  Siege Tank  
  50  5:13  Marine  
  54  5:17  SCV  
  56  5:24  Starport Reactor  
  56  5:25  Barracks Tech Lab, Marine  
  56  5:29  SCV  
  56  5:33  Missile Turret  
  57  5:41  SCV, Marine  
  59  5:43  Marine  
  61  5:53  SCV  
  57  5:58  Siege Tank  
  60  6:05  SCV, Missile Turret  
  60  6:09  Missile Turret  
  61  6:12  Marine  
  59  6:19  Marine  
  59  6:24  Bunker  
  56  6:35  Siege Tank, Marine  
  61  6:42  Combat Shield  
  61  6:43  Bunker  
  60  6:50  Marine x2  
  60  6:52  Medivac  
  63  7:07  Marine  
  63  7:09  Marine  
  63  7:11  Marine  
  52  7:23  Siege Tank  
  52  7:25  Medivac, Marine  
  52  7:27  Marine  
  59  7:33  Marine  
  56  7:43  Marine  
  52  7:45  Marine  
  53  7:51  Marine  
  53  7:57  Siege Tank  
  57  8:01  Marine  
  57  8:03  Marine  
  56  8:07  SCV  
  56  8:09  Marine  
  58  8:19  Command Center, Marine  
  63  8:38  Missile Turret  
  63  8:39  Supply Depot  
Tags
 
Add a new tag
Caveats
  • Supply blocks, unpowered buildings, or Contaminate may cause inaccurate times.
  • Supply counts are checked every 10 seconds.